 Dungeon Crawl Stone Soup version 0.29.1-15-g9cfb28693d (webtiles) character file.

Game seed: 10239000391252209358

18 MacCMillion the Caller (level 2, 0/11 HPs)
             Began as a Felid Summoner on Mar 18, 2023.
             Slain by an adder (1 damage)
             ... on level 2 of the Dungeon.
             The game lasted 00:02:20 (1041 turns).

MacCMillion the Caller (Felid Summoner)             Turns: 1041, Time: 00:02:21

Health: 0/11       AC:  1    Str:  4    XL:     2   Next: 51%
Magic:  4/6        EV: 17    Int: 16    God:
Gold:   55         SH:  0    Dex: 16    Spells: 4/5 levels left
                                        Lives:  0   Deaths: 0

rFire   . . .      SeeInvis +   (weapon unavailable)
rCold   . . .      Faith    .   (shield unavailable)
rNeg    . . .      Spirit   .   (body armour unavailable)
rPois   .          Reflect  .   (helmet unavailable)
rElec   .          Harm     .   (cloak unavailable)
rCorr   .          Rampage  .   (gloves unavailable)
Will    .....                   (boots unavailable)
Stlth   ++........              (no amulet)
HPRegen 0.03/turn               (no ring)
MPRegen 0.10/turn               (no ring)

@: mighty, lethally poisoned (0 -> -2), quick
A: very small, claws 1, fangs 3, see invisible, speed 1, shaggy fur 1, stealthy
paws, no weapons or thrown items, no armour, multi-lived
a: no special abilities


You were on level 2 of the Dungeon.
You visited 1 branch of the dungeon, and saw 2 of its levels.

You collected 55 gold pieces.

Inventory:

Jewellery
 d - an amulet of guardian spirit
Scrolls
 b - a scroll of identify {unknown}
 e - a scroll of immolation {unknown}
 f - a scroll of blinking {unknown}
Potions
 a - a potion of magic


   Skills:
 - Level 2.7 Dodging
 - Level 2.7 Stealth
 + Level 2.3 Spellcasting
 * Level 4.4 Summonings


You had 4 spell levels left.
You knew the following spells:

 Your Spells              Type           Power      Damage    Failure   Level
a - Summon Small Mammal   Summ           64%        N/A       3%          1

Your spell library contained the following spells:

 Spells                   Type           Power      Damage    Failure   Level
 Call Imp                 Summ           16%        N/A       4%          2
 Call Canine Familiar     Summ           16%        N/A       10%         3
 Summon Guardian Golem    Hex/Summ       9%         N/A       24%         3
 Summon Lightning Spire   Summ/Air       9%         N/A       63%         4


Dungeon Overview and Level Annotations

Branches:
Dungeon (2/15)

Altars:

Shops:
D:1 ?[?


Innate Abilities, Weirdness & Mutations

You have sharp claws.
You have razor-sharp teeth.
You have supernaturally acute eyesight. (SInv)
You cover ground quickly. (Speed+)
You are covered in fur. (AC +1)
Your paws help you pounce on unaware monsters.
You are incapable of wielding weapons or throwing items.
You cannot wear armour.
You gain extra lives every three experience levels.


Message History

Your quokka bites the hobgoblin.
The hobgoblin misses your quokka.
Your quokka closely misses the hobgoblin.
Your quokka bites the hobgoblin.
The hobgoblin closely misses your quokka.
You swap places.
Your quokka bites the hobgoblin.
The hobgoblin dies!
You open the door.
You swap places.
Your bat disappears in a puff of smoke!
You swap places.
Your quokka disappears in a puff of smoke!
The adder hisses angrily.
An adder is nearby!
An adder is nearby!
The adder completely misses you.
Your bat closely misses the adder.
The adder bites you.
You are poisoned.
The adder poisons you!
Your bat completely misses the adder.
You swap places.
You feel sick.
Your bat closely misses the adder.
Your bat barely misses the adder.
The adder closely misses you. The adder attacks as you move away!
The adder bites you.
* * * LOW HITPOINT WARNING * * *
You feel sick.
Your bat closely misses the adder.
Your bat hits the adder but does no damage.
Your rat bites the adder but does no damage.
You are too injured to fight recklessly!
Unknown command.
It was a potion of might.
You feel very mighty all of a sudden.
* * * LOW HITPOINT WARNING * * *
You feel sick.
Your bat closely misses the adder.
Your bat misses the adder. The adder closely misses you.
Okay, then.
You are too injured to fight recklessly!
Unknown command.
* * * LOW HITPOINT WARNING * * *
You feel sick.
Your bat misses the adder. The adder attacks as you move away!
The adder bites you.
You die...

##.># ...# #
..# ##.##.#
#.....###
#######b..#
#.....#r#.#
#.....#S#...
#.....#@####.#
####.......# #
#........#####
#........<...#
#....#'#.....#
#....#.+.....#
#....###.....#
#...ยง###.....#
#.....##.....#


You could see an adder (ally target), a friendly bat (summoned) and a friendly
rat (summoned).

Vanquished Creatures
  A bat (D:1)
1 creature vanquished.

Vanquished Creatures (collateral kills)
  A ball python (D:1)
  2 endoplasms (D:1)
  A giant cockroach (D:1)
  2 goblins (D:1)
  2 hobgoblins
  2 quokkas (D:1)
  2 bats (D:1)
  A frilled lizard (D:2)
  A kobold (D:1)
  2 rats (D:1)
16 creatures vanquished.

Vanquished Creatures (others)
  5 plants (D:1)
5 creatures vanquished.

Grand Total: 22 creatures vanquished

Notes
Turn   | Place    | Note
-------+----------+-------------------------------------------
     0 | D:1      | MacCMillion the Felid Summoner began the quest for the Orb.
     0 | D:1      | Reached XP level 1. HP: 7/7 MP: 4/4
   289 | D:1      | Reached XP level 2. HP: 11/11 MP: 3/6
   328 | D:1      | Found Cihoneusm's Antique Armour Shoppe.
   463 | D:1      | Found a faded altar of an unknown god.
   492 | D:1      | Found Lakublun's Magic Scroll Emporium.
   700 | D:1      | Found Woluyw's Magic Scroll Emporium.
  1041 | D:2      | Slain by an adder

Illustrated notes

Levels and vault maps discovered:
D:1:      roderic_crop_circles_arrival_small, layout_loops_ring, serial_shops,
          nicolae_shop_hallway_plus, nicolae_shop_behind_doors, shop,
          chequers_ecumenical_altar_simple
D:2:      layout_basic, kennysheep_generic_room_11, uniq_jessica

Action                   || total
-------------------------++-------
Melee: Unarmed           ||     4
 Cast: Summon Small Mamm ||    32
  Use: Potion            ||     1
Dodge: Dodged            ||    18
